 Dungeon Crawl Stone Soup version 0.26.1-2-gb8aa6d0cf2 (webtiles) character file.

Game seed: 5754932997491446759

649 sizableburger the Digger (level 7, -3/52 HPs)
             Began as a Demigod Earth Elementalist on Mar 18, 2021.
             Slain by an orc warrior
             ... wielding a +0 halberd
              (17 damage)
             ... on level 4 of the Dungeon.
             The game lasted 00:14:43 (5007 turns).

sizableburger the Digger (DgEE)                     Turns: 5007, Time: 00:14:44

Health: -3/52      AC:  5    Str: 11    XL:     7   Next: 6%
Magic:  9/14       EV: 12    Int: 23    God:
Gold:   66         SH:  0    Dex: 16    Spells: 2/12 levels left

rFire    . . .     SeeInvis .   p - +3 whip
rCold    . . .     Faith    .   (no shield)
rNeg     . . .     Spirit   .   c - +2 robe
rPois    .         Reflect  .   m - +0 helmet
rElec    .         Harm     .   (no cloak)
rCorr    .         Rampage  .   (no gloves)
Will     .....                  (no boots)
Stlth    ++........             (no amulet)
HPRegen  0.17/turn              e - ring of flight
MPRegen  0.14/turn              (no ring)

@: no status effects
A: high mp 1
a: Evoke Flight


You were on level 4 of the Dungeon.
You visited 1 branch of the dungeon, and saw 4 of its levels.

You collected 222 gold pieces.
You spent 156 gold pieces at shops.

Inventory:

Hand Weapons
 p - a +3 whip (weapon)
Missiles
 b - 78 stones
Armour
 c - a +2 robe (worn)
 g - a +0 buckler
 m - a +0 helmet (worn)
Jewellery
 e - a ring of flight (left hand)
Wands
 n - a wand of iceblast (6)
Scrolls
 a - a scroll of blinking
 d - a scroll of fear
 f - a scroll of teleportation
 j - a scroll of noise
 k - a scroll of random uselessness {unknown}
 l - 3 scrolls of fog
Potions
 h - a potion of curing
 i - 2 potions of brilliance
 q - a potion of mutation
 r - a potion of flight {unknown}


   Skills:
 - Level 1.0 Fighting
 + Level 3.8 Maces & Flails
 - Level 1.8 Dodging
 - Level 1.7 Stealth
 - Level 3.0 Spellcasting
 + Level 3.1 Transmutations
 + Level 4.8 Earth Magic


You had 2 spell levels left.
You knew the following spells:

 Your Spells              Type           Power        Failure   Level
a - Sandblast             Erth           50%          1%          1
b - Passwall              Tmut/Erth      17%          3%          2
c - Petrify               Tmut/Erth      21%          22%         4
d - Stone Arrow           Conj/Erth      28%          13%         3

Your spell library contained the following spells:

 Spells                   Type           Power        Failure   Level
 Animate Skeleton         Necr           6%           12%         1
 Apportation              Tloc           6%           12%         1
 Corona                   Hex            3%           12%         1
 Summon Small Mammal      Summ           12%          12%         1
 Lee's Rapid Deconstruct  Erth           12%          41%         5


Dungeon Overview and Level Annotations

Branches:
Dungeon (4/15)
 Temple: D:4-7

Shops:
D:4 *


Innate Abilities, Weirdness & Mutations

You have an increased reservoir of magic. (+10% MP)


Message History

You hit the orc warrior.
The orc warrior is heavily wounded.
The helpless orc warrior fails to defend itself.
You hit the orc warrior.
The orc warrior is heavily wounded.
The orc warrior is no longer petrified.
The orc warrior hits you with a +0 halberd!
* * * LOW HITPOINT WARNING * * *
You whack the orc warrior!
The orc warrior is almost dead.
The orc warrior hits you but does no damage.
Casting: Petrify (quite dangerous; 22% risk of failure)
Confirm with . or Enter, or press ? or * to list all spells.
Aiming: Sandblast (safe; 1% risk of failure)
Press: ? - help, Shift-Dir - straight line, f/p - orc warrior
Aim: an orc warrior, wielding a +0 halberd and wearing a +0 chain mail (almost dead, 22% to evade)
The blast of sand hits the orc warrior but does no damage.
The orc warrior is almost dead.
The orc warrior hits you with a +0 halberd!
You die...

######...#
#...............#...
.........#
#.................(.
........##
#...................
.[......#
#...................
........#
#...................
........##
#........###########
.........# #.....)).#
#.######.###........#
#.#.......##..@o....#
#.......##........#
#.......##........# ##
#..............#.## #.
#................#.# #.
#................#.#####
#.
#.......##.####.........
#. ........##..
#)......... #.
#.......###.#
#........... #.


You could see an orc warrior.

Vanquished Creatures
  A centaur (D:2)
  Blork the orc (D:4)
  A bullfrog (D:4)
  A howler monkey (D:4)
  A hound (D:3)
  An orc wizard (D:3)
  2 orc priests
  Ijyb (D:3)
  A worker ant (D:4)
  Robin (D:3)
  11 adders
  A white imp (D:2)
  An adder skeleton (D:4)
  2 worms
  A dart slug (D:2)
  3 leopard geckos (D:2)
  5 orcs
  5 giant cockroaches
  18 goblins
  19 hobgoblins
  2 jackals (D:4)
  9 kobolds
  7 bats
  7 frilled lizards
  5 rats
107 creatures vanquished.

Notes
Turn   | Place    | Note
-------+----------+-------------------------------------------
     0 | D:1      | sizableburger the Demigod Earth Elementalist began the
                  | quest for the Orb.
     0 | D:1      | Reached XP level 1. HP: 14/14 MP: 5/5
    42 | D:1      | Reached skill level 1 in Transmutations
   475 | D:1      | Reached XP level 2. HP: 22/22 MP: 5/7
   602 | D:1      | Reached skill level 3 in Earth Magic
   740 | D:1      | Reached skill level 1 in Fighting
  1071 | D:2      | Reached skill level 1 in Maces & Flails
  1139 | D:2      | Reached XP level 3. HP: 28/28 MP: 5/8
  1383 | D:2      | Noticed a centaur
  1403 | D:2      | Killed a centaur
  1404 | D:2      | Reached XP level 4. HP: 23/35 MP: 1/10
  1702 | D:2      | Learned a level 2 spell: Passwall
  1707 | D:2      | Learned a level 4 spell: Petrify
  2125 | D:2      | Reached XP level 5. HP: 38/40 MP: 9/11
  2384 | D:2      | Found an iron altar of Okawaru.
  2817 | D:3      | Noticed Robin
  3207 | D:3      | Reached skill level 4 in Earth Magic
  3347 | D:3      | Killed Robin
  3676 | D:3      | Noticed Ijyb
  3700 | D:3      | Killed Ijyb
  3810 | D:3      | Reached XP level 6. HP: 41/47 MP: 10/13
  4355 | D:4      | Learned a level 3 spell: Stone Arrow
  4799 | D:4      | Noticed Blork the orc
  4808 | D:4      | Killed Blork the orc
  4809 | D:4      | Reached XP level 7. HP: 49/52 MP: 2/14
  4915 | D:4      | Found Iduonk's Assorted Antiques.
  4923 | D:4      | Bought a scroll of identify for 40 gold pieces
  4926 | D:4      | Bought a scroll of identify for 40 gold pieces
  4926 | D:4      | Bought a scroll of identify for 40 gold pieces
  4926 | D:4      | Bought a blue potion for 18 gold pieces
  4926 | D:4      | Bought a black potion for 18 gold pieces
  5007 | D:4      | Slain by an orc warrior

Illustrated notes

Levels and vault maps discovered:
D:1:      enne_arrival_octagon_isle, layout_loops_ring, minmay_3d_cube
D:2:      cheibrodos_greedy_goblins, layout_basic,
          nicolae_overflow_hidden_temple, wander_ebering_terrifying_dragon_lair
D:3:      layout_rooms, uniq_ijyb, uniq_robin
D:4:      layout_basic, serial_shops, shop, minmay_crossroads,
          uniq_blork_the_orc

Skill      XL: |  1  2  3  4  5  6 |
---------------+-------------------+-----
Transmutations | 1 2 3 |  3.1
Earth Magic    | 3 4 |  4.8
Fighting       | 1 |  1.0
Maces & Flails | 1 2 3 |  3.8
Spellcasting   | 2 3 |  3.0
Dodging        | |  1.8
Stealth        | |  1.7

Action                   |  1- 3 |  4- 6 |  7- 9 || total
-------------------------+-------+-------+-------++-------
Melee: Club              |    15 |   116 |       ||   131
       Unarmed           |     2 |       |       ||     2
       Whip              |       |    43 |    19 ||    62
 Cast: Sandblast         |    44 |    84 |     6 ||   134
       Petrify           |       |     2 |     1 ||     3
       Passwall          |       |     2 |       ||     2
Evoke: Wand              |       |     3 |       ||     3
  Use: Potion            |     3 |       |       ||     3
       Scroll            |       |     8 |     5 ||    13
 Stab: Sleeping          |       |     3 |       ||     3
       Petrified         |       |       |    12 ||    12
Armor: Robe              |     5 |    61 |     1 ||    67
       Skin              |     1 |       |       ||     1
Dodge: Dodged            |    29 |   167 |    11 ||   207
